 Dungeon Crawl Stone Soup version 0.29-a0-885-gb26ba3297d (webtiles) character file.

Game seed: 11459994153614687300

22178 IdlyInterested the Spear-Bearer (level 12, -7/92 HPs)
             Began as a Demonspawn Wanderer on July 20, 2022.
             Mangled by a death yak (20 damage)
             ... on level 2 of the Lair of Beasts.
             The game lasted 00:53:49 (14460 turns).

IdlyInterested the Spear-Bearer (DsWn)             Turns: 14460, Time: 00:53:49

Health: -7/92      AC: 16    Str: 12    XL:     12   Next: 60%
Magic:  23/23      EV: 11    Int: 21    God:
Gold:   543        SH:  0    Dex: 14    Spells: 17/26 levels left

rFire   + + +      SeeInvis +   m - +8 lance "Wyrmbane" {slay drac, rPois rF+ rC+ AC+3}
rCold   + . .      Faith    .   (no shield)
rNeg    . . .      Spirit   .   K - +0 acid dragon scales
rPois   +          Reflect  .   (helmet restricted)
rElec   .          Harm     .   A - +1 cloak
rCorr   +          Rampage  .   (no gloves)
Will    .....                   (no boots)
Stlth   +.........              e - amulet "Vorho" {RegenMP +Blink rF++ Str-3 SInv}
HPRegen 0.25/turn               r - +4 ring of protection
MPRegen 0.58/turn               S - +6 ring of intelligence

@: confused, ambrosia-drunk, very slow
A: hooves 2, horns 1, powered by death 2, demonic magic 1, demonic touch 1
a: Evoke Blink


You were on level 2 of the Lair of Beasts.
You visited 3 branches of the dungeon, and saw 14 of its levels.

You collected 1209 gold pieces.
You spent 666 gold pieces at shops.

Inventory:

Hand Weapons
 k - the +1 short sword of the Unseen Realm {vorpal, +Blink rElec rCorr Str-4}
   (You found it on level 3 of the Dungeon)

   It inflicts extra damage upon your enemies.
   Str:       It affects your strength (-4).
   rElec:     It insulates you from electricity.
   +Blink:    It lets you blink.
   rCorr:     It protects you from acid and corrosion.
 m - the +8 lance "Wyrmbane" (weapon) {slay drac, rPois rF+ rC+ AC+3}
   (You found it on level 2 of the Dungeon)

   It inflicts extra damage against dragons and draconians.
   AC:        It affects your AC (+3).
   rF:        It protects you from fire.
   rC:        It protects you from cold.
   rPois:     It protects you from poison.
 u - a +0 trident
 B - a +3 spear
 O - the +6 broad axe "Exaor" {elec, rPois rC++ rN+ Dex-3}
   (You bought it in a shop on level 9 of the Dungeon)

   It occasionally discharges a powerful burst of electricity upon striking a
   foe.
   Dex:       It affects your dexterity (-3).
   rC:        It greatly protects you from cold.
   rPois:     It protects you from poison.
   rN:        It protects you from negative energy.
Missiles
 n - 2 throwing nets
 L - a curare-tipped dart
Armour
 f - a +2 robe of cold resistance
 A - a +1 cloak (worn)
 D - +0 steam dragon scales
 K - +0 acid dragon scales (worn)
Magical Staves
 d - a staff of air
 h - a staff of death
 x - a staff of fire
Jewellery
 a - a +4 ring of evasion
 e - the amulet "Vorho" (around neck) {RegenMP +Blink rF++ Str-3 SInv}
   (You acquired it on level 3 of the Dungeon)

   [amulet of magic regeneration]

   It increases your rate of magic regeneration.
   Str:       It affects your strength (-3).
   rF:        It greatly protects you from fire.
   SInv:      It lets you see invisible.
   +Blink:    It lets you blink.
 r - a +4 ring of protection (left hand)
 v - a ring of fire
 F - a ring of magical power
 H - a ring of fire
 R - a ring of flight
 S - a +6 ring of intelligence (right hand)
Wands
 y - a wand of paralysis (7)
 E - a wand of digging (2)
 I - a wand of flame (5)
 M - a wand of mindburst (2)
Scrolls
 b - a scroll of fear
 c - 9 scrolls of teleportation
 g - 5 scrolls of poison
 o - 3 scrolls of vulnerability
 G - 3 scrolls of identify
Potions
 i - a potion of berserk rage
 j - 5 potions of might
 l - a potion of flight
 p - 2 potions of invisibility
 q - 3 potions of haste
 s - 3 potions of mutation
 t - 4 potions of attraction
 w - 8 potions of curing
 z - a potion of lignification
 N - 2 potions of brilliance
Miscellaneous
 J - a piece from Xom's chessboard (15/15)


   Skills:
 - Level 8.0 Fighting
 - Level 11.8(12.0) Polearms
 - Level 3.1(8.2) Staves
 - Level 2.0 Throwing
 - Level 4.0 Armour
 - Level 2.0 Dodging
 - Level 1.0 Stealth
 * Level 6.2 Unarmed Combat
 + Level 7.7 Spellcasting
 - Level 2.0 Conjurations
 - Level 8.0 Hexes
 - Level 2.0 Necromancy
 - Level 2.0 Fire Magic
 - Level 2.0 Air Magic
 + Level 2.3 Evocations


You had 17 spell levels left.
You knew the following spells:

 Your Spells              Type           Power      Damage    Failure   Level
a - Slow                  Hex            100%       N/A       1%          1
b - Dazzling Flash        Conj/Hex       58%        N/A       4%          3
c - Agony                 Necr           16%        N/A       82%         5

Your spell library contained the following spells:

 Spells                   Type           Power      Damage    Failure   Level
 Necrotise                Necr           64%        1d7       5%          1
 Portal Projectile        Hex/Tloc       48%        N/A       7%          3
 Apportation              Tloc           16%        N/A       12%         1
 Summon Small Mammal      Summ           32%        N/A       12%         1
 Poisonous Vapours        Pois/Air       24%        N/A       12%         2
 Vampiric Draining        Necr           16%        2d7       16%         3
 Blink                    Tloc           16%        N/A       19%         2
 Leda's Liquefaction      Hex/Erth       12%        N/A       22%         4
 Call Canine Familiar     Summ           8%         N/A       34%         3
 Gell's Gravitas          Tloc           8%         N/A       34%         3
 Lesser Beckoning         Tloc           8%         N/A       34%         3
 Teleport Other           Tloc           8%         N/A       34%         3
 Silence                  Hex/Air        14%        N/A       38%         5
 Corpse Rot               Necr/Pois/Air  13%        N/A       56%         4
 Manifold Assault         Tloc           8%         N/A       97%         5
 Dispersal                Tloc           4%         N/A       100%        6


Dungeon Overview and Level Annotations

Branches:
Dungeon (11/15)            Temple (1/1) D:6            Lair (2/5) D:9
  Snake (0/4) Lair:2          Orc (0/2) D:11
  Swamp: Lair:2-3    Shoals: Lair:2-3

Altars:
Ashenzari
Cheibriados
Dithmenos
Fedhas
Gozag
Hepliaklqana
Kikubaaqudgha
Makhleb
Nemelex Xobeh
Okawaru
Qazlal
Ru
Sif Muna
Trog
Uskayaw
Vehumet
Wu Jian
Xom
Yredelemnul

Shops:
D:2 (   D:6 (   D:8 *([?   D:9 (   D:10 (

Portals:
Abyss: D:5
Trove: D:10 (show slimy rune of Zot)


Innate Abilities, Weirdness & Mutations

You have hoof-like feet.
You have a pair of small horns on your head.
You regenerate health from kills.
Spells you cast may paralyse adjacent enemies.
Your touch may inflict minor irresistible damage on your foes.


Message History

The death yak gores you.
The death yak gores you but does no damage.
Your unstable footing causes you to fumble your attack.
Your unstable footing causes you to fumble your attack.
The death yak gores you. x2
You hit the death yak but do no damage. You kick the death yak.
You touch the death yak!
The death yak is severely wounded.
You hit the death yak but do no damage. Your kick misses the death yak.
You headbutt the death yak, but do no damage.
The death yak is severely wounded.
The death yak gores you! The death yak gores you!!
* * * LOW HITPOINT WARNING * * *
You hit the death yak. You kick the death yak.
You punch the death yak, but do no damage.
The death yak is almost dead.
You are confused.
You feel invigorated. The death yak gores you!
* * * LOW HITPOINT WARNING * * *
The death yak gores you but does no damage.
You feel much better. The death yak completely misses you.
The death yak gores you.
You hit the death yak but do no damage.
You kick the death yak, but do no damage.
The death yak is almost dead.
The death yak gores you. The death yak barely misses you.
You're too confused to move!
The death yak gores you!
* * * LOW HITPOINT WARNING * * *
The death yak gores you but does no damage.
You bump into the rock wall.
The death yak gores you!
* * * LOW HITPOINT WARNING * * *
The death yak gores you but does no damage.
Your unstable footing causes you to fumble your attack.
You hit the death yak but do no damage. Your kick misses the death yak.
The death yak gores you!
* * * LOW HITPOINT WARNING * * *
The death yak gores you.
* * * LOW HITPOINT WARNING * * *
You bump into the rock wall.
The death yak gores you!!
You die...

........... #.. #P......##...
.....##.. ##..#..........# #..
#.....#.#..#### #..#
##...####.†.# ##..###P... ##÷##
##.....#...## ##..#
...##P.......=.P####...# ###
#..≈......Y##...##.....# ..#
#...≈≈≈≈≈≈#@##.....#....# ..##
##≈≈≈≈≈≈≈≈Y###.....##.#..#
...###.≈≈≈...≈≈Y.Y#....#.#####...
....#.≈≈≈...P.≈)≈Y......## ..#
......≈≈.≈..≈≈.≈≈..÷##...# .#
......≈≈...>...≈≈)).###..# #
.<...≈≈≈≈.≈....≈≈.### #..#
.....P≈≈≈P..P.≈≈≈.# ...#
....#..≈≈≈...≈≈≈P..# ...#


You could see 3 death yaks.

Vanquished Creatures
  3 two-headed ogres
  3 death yaks (Lair:2)
  The ghost of jimonade the Skirmisher, a novice DEHu of Vehumet (D:8)
  Pikel (D:9)
  A manticore (D:11)
  A black mamba (Lair:2)
  Maurice (D:10)
  A cane toad (Lair:1)
  3 komodo dragons (Lair:1)
  A gargoyle (D:10)
  3 trolls
  The ghost of om the Conjurer, an amateur DrCj of Cheibriados (D:5)
  12 blink frogs
  A vampire (D:7)
  2 shadows
  3 wyverns
  A wraith (D:11)
  24 yaks
  3 vampire mosquitoes (D:11)
  6 steam dragons
  3 nagas (Lair:2)
  An acid dragon (D:10)
  6 water moccasins
  Duvessa (D:5)
  3 orc warriors
  3 black bears
  2 sky beasts (D:6)
  2 ogres
  2 ice beasts (D:7)
  6 wolves (Lair:1)
  2 phantoms (D:5)
  3 centaurs
  8 bullfrogs
  9 kobold brigands
  Blork the orc (D:5)
  A necrophage (D:5)
  3 scorpions
  13 wights
  6 killer bees
  Dowan (D:5)
  2 small abominations (D:5)
  A quasit (D:5)
  5 orc priests
  3 hounds
  3 jellies
  Crazy Yiuf (D:6)
  An iguana (D:5)
  8 orc wizards
  Robin (D:2)
  14 gnolls
  11 adders
  A shadow imp (D:6)
  An ufetubus (D:4)
  A worm (D:3)
  3 dart slugs
  40 orcs
  7 endoplasms
  3 giant cockroaches
  11 goblins (D:2)
  10 hobgoblins
  2 jackals (D:3)
  3 quokkas
  17 ball pythons
  7 bats
  2 frilled lizards (D:2)
  55 kobolds
  4 rats
365 creatures vanquished.

Vanquished Creatures (others)
  18 fungi
  46 plants
64 creatures vanquished.

Grand Total: 429 creatures vanquished

Notes
Turn   | Place    | Note
-------+----------+-------------------------------------------
     0 | D:1      | IdlyInterested the Demonspawn Wanderer began the quest for
                  | the Orb.
     0 | D:1      | IdlyInterested set off with the following items: a +2
                  | quarterstaff, a +0 scale mail, a scroll of teleportation;
                  | and the following spell memorised: Slow; and the following
                  | spells available to memorise: Dazzling Flash.
     0 | D:1      | Reached XP level 1. HP: 13/13 MP: 2/2
   215 | D:1      | Found a faded altar of an unknown god.
   247 | D:1      | Reached skill level 1 in Fighting
   306 | D:1      | Gained mutation: You regenerate a little health from kills.
                  | [demonic ancestry]
   306 | D:1      | Reached XP level 2. HP: 12/21 MP: 3/3
  1149 | D:2      | Gained mutation: Spells you cast may paralyse adjacent
                  | enemies. [demonic ancestry]
  1149 | D:2      | Reached XP level 3. HP: 24/27 MP: 4/4
  1588 | D:2      | Found the +8 lance "Wyrmbane" {slay drac, rPois rF+ rC+
                  | AC+3}
  1674 | D:2      | Reached XP level 4. HP: 33/33 MP: 6/6
  1677 | D:2      | Noticed Robin
  1698 | D:2      | Killed Robin
  1923 | D:2      | Found Gurui's Antique Weapon Emporium.
  2168 | D:3      | Identified a scroll of acquirement
  2168 | D:3      | Acquired the amulet "Vorho" {RegenMP +Blink rF++ Str-3
                  | SInv}
  2192 | D:3      | Reached skill level 1 in Polearms
  2319 | D:3      | Reached skill level 1 in Dodging
  2433 | D:3      | Identified the +1 short sword of the Unseen Realm {vorpal,
                  | +Blink rElec rCorr Str-4}
  2477 | D:3      | Discovered your monstrous ancestry.
  2477 | D:3      | Gained mutation: Your touch may inflict minor irresistible
                  | damage on your foes. [demonic ancestry]
  2477 | D:3      | Reached XP level 5. HP: 24/38 MP: 8/8
  3120 | D:4      | Learned a level 3 spell: Dazzling Flash
  3126 | D:4      | Learned a level 5 spell: Agony
  3213 | D:4      | Reached skill level 2 in Polearms
  3291 | D:4      | Noticed a black bear
  3298 | D:4      | Killed a black bear
  3299 | D:4      | Reached XP level 6. HP: 44/44 MP: 8/10
  3496 | D:4      | Reached skill level 3 in Polearms
  3813 | D:4      | Gained mutation: You have large cloven feet. [demonic
                  | ancestry]
  3813 | D:4      | Reached XP level 7. HP: 34/52 MP: 11/11
  4017 | D:5      | Entered Level 5 of the Dungeon
  4200 | D:5      | Reached skill level 1 in Stealth
  4307 | D:5      | Noticed Blork the orc
  4313 | D:5      | Killed Blork the orc
  4495 | D:5      | Reached skill level 1 in Unarmed Combat
  4523 | D:5      | Found a one-way gate to the infinite horrors of the Abyss.
  4523 | D:5      | Noticed om's ghost (amateur DrCj)
  4531 | D:5      | Noticed Duvessa
  4532 | D:5      | Noticed Dowan
  4535 | D:5      | Found a transporter.
  4543 | D:5      | Killed Duvessa
  4547 | D:5      | Killed Dowan
  4548 | D:5      | Reached skill level 4 in Polearms
  4573 | D:5      | Found a transporter.
  4646 | D:5      | Noticed a small abomination
  4680 | D:5      | Gained mutation: You have hoof-like feet. [demonic
                  | ancestry]
  4680 | D:5      | Reached XP level 8. HP: 46/60 MP: 13/13
  4832 | D:5      | Reached skill level 1 in Conjurations
  5051 | D:5      | Killed om's ghost
  5052 | D:5      | Reached skill level 5 in Polearms
  5183 | D:6      | Reached skill level 5 in Spellcasting
  5183 | D:6      | Reached skill level 1 in Necromancy
  5228 | D:6      | Found Peothe Jaecs's Weapon Shop.
  5261 | D:6      | Reached skill level 6 in Polearms
  5377 | D:6      | Reached XP level 9. HP: 66/66 MP: 16/16
  5501 | D:6      | Reached skill level 1 in Air Magic
  5549 | D:6      | Identified the +2 mace of Law {pain, Dex+5}
  5702 | D:6      | Found a staircase to the Ecumenical Temple.
  5708 | Temple   | Entered the Ecumenical Temple
  6083 | D:6      | Found a runed translucent door.
  6084 | D:6      | Noticed Crazy Yiuf
  6090 | D:6      | Killed Crazy Yiuf
  6401 | D:7      | Reached skill level 5 in Fighting
  6414 | D:7      | Reached skill level 7 in Polearms
  7724 | D:7      | Reached skill level 8 in Polearms
  8335 | D:8      | Reached skill level 5 in Hexes
  8363 | D:8      | Found a runed translucent gate.
  8363 | D:8      | Found a runed translucent gate.
  8363 | D:8      | Found a runed translucent gate.
  8367 | D:8      | Noticed jimonade's ghost (novice DEHu)
  8404 | D:8      | Found Vasois's Magic Scroll Shoppe.
  8476 | D:8      | Reached XP level 10. HP: 70/76 MP: 17/17
  8676 | D:8      | Found Viupsoh's Weapon Shoppe.
  8696 | D:8      | Found Cintuud's Assorted Antiques.
  8783 | D:8      | Found Duesocie's Antique Armour Emporium.
  9162 | D:8      | Killed jimonade's ghost
  9286 | D:9      | Found Got Jits's Weapon Boutique.
  9424 | D:9      | Noticed a two-headed ogre
  9433 | D:9      | Killed a two-headed ogre
  9434 | D:9      | Reached skill level 9 in Polearms
  9956 | D:9      | Noticed a two-headed ogre
  9967 | D:9      | Killed a two-headed ogre
 10040 | D:9      | Reached skill level 10 in Polearms
 10138 | D:9      | Found a staircase to the Lair.
 10182 | D:9      | Found a hide-covered altar of Uskayaw.
 10372 | D:9      | Noticed Pikel
 10381 | D:9      | Killed Pikel
 10382 | D:9      | Gained mutation: You have a pair of small horns on your
                  | head. [demonic ancestry]
 10382 | D:9      | Reached XP level 11. HP: 78/81 MP: 21/21
 10441 | D:9      | You fall into a shaft and drop 1 floor!
 10441 | D:10     | Entered Level 10 of the Dungeon
 10995 | D:10     | Found Duorodi's Weapon Shoppe.
 11090 | D:10     | Noticed Maurice
 11100 | D:10     | Killed Maurice
 11114 | D:10     | Noticed a two-headed ogre
 11126 | D:10     | Killed a two-headed ogre
 11127 | D:10     | Reached skill level 11 in Polearms
 11200 | D:10     | Identified the amulet "Qomir" {Regen+ Dex+2}
 11682 | D:10     | Found a portal to a secret trove of treasure.
 11893 | D:11     | Noticed a skeletal warrior
 11893 | D:11     | Noticed a brown ugly thing
 11893 | D:11     | Noticed a centaur warrior
 11894 | D:11     | Identified the ring "Asmylese" {rElec rN+ Str+2 Dex+3
                  | Stlth-}
 11894 | D:11     | Noticed a tengu warrior
 11914 | D:11     | Reached skill level 1 in Throwing
 11952 | D:11     | Noticed an orc knight
 12031 | D:11     | Reached skill level 1 in Fire Magic
 12414 | D:11     | Found a staircase to the Orcish Mines.
 12668 | D:9      | Bought the +6 broad axe "Exaor" {elec, rPois rC++ rN+
                  | Dex-3} for 666 gold pieces
 12697 | Lair:1   | Entered Level 1 of the Lair of Beasts
 12908 | Lair:1   | Gained mutation: You regenerate health from kills. [demonic
                  | ancestry]
 12908 | Lair:1   | Reached XP level 12. HP: 91/91 MP: 22/22
 14118 | Lair:2   | Reached skill level 5 in Unarmed Combat
 14176 | Lair:2   | Noticed a death yak
 14177 | Lair:2   | Noticed a death yak
 14177 | Lair:2   | Noticed a death yak
 14177 | Lair:2   | Noticed a death yak
 14184 | Lair:2   | Found a staircase to the Snake Pit.
 14197 | Lair:2   | Killed a death yak
 14207 | Lair:2   | Killed a death yak
 14294 | Lair:2   | Noticed a death yak
 14427 | Lair:2   | Noticed a death yak
 14432 | Lair:2   | Killed a death yak
 14460 | Lair:2   | Mangled by a death yak

Illustrated notes

Levels and vault maps discovered:
D:1:      evilmike_arrival_rings, layout_basic, basic_ecumenical_altar
D:2:      layout_basic, serial_glass, glass_columns_a, glass_columns_a,
          serial_shops, shop_coins, uniq_robin
D:3:      layout_loops_cross
D:4:      layout_loops_corners, minmay_misc_feat_enclosed
D:5:      layout_cave_pools, gammafunk_ghost_abyssal_escape, uniq_duvessa,
          uniq_blork_the_orc
D:6:      layout_rooms, minmay_temple_entry_fiery, serial_shops,
          nicolae_shop_bloodbath_and_beyond, uniq_crazy_yiuf_cottage
D:7:      kennysheep_kobold_camp, layout_basic, serial_co_window_serial,
          co_window_paths_a, co_window_of_opportunity_a, co_window_corner_a,
          co_window_of_opportunity_a, co_window_corner_a, co_window_paths_a,
          co_window_corner_cb, co_window_of_opportunity_b,
          co_window_unsneaky_path_a, co_window_2corner, co_window_cross_2
D:8:      layout_gridville, ebering_ghost_rock_garden, serial_shops,
          nicolae_shop_statue_plus, nicolae_shop_overgrown_old_shop,
          nicolae_shop_hallway_stairs, nicolae_shop_trees
D:9:      minmay_razor_zed, layout_stronghold, mainiacjoe_overflow_catwalk,
          grunt_lair_entry_orc_guard_hut, serial_shops, nicolae_stop_n_shop_2,
          hangedman_decor_push, uniq_pikel
D:10:     layout_cave_pools, serial_shops, kennysheep_mini, enter_trove_6,
          kennysheep_generic_room_3, uniq_maurice
D:11:     layout_loops_ring, orc_0_dummy, minivault_12
Temple:   regret_index_temple_sigil_plot
Lair:1:   layout_chaotic_city, lemuel_fruit_tree
Lair:2:   layout_layer_cave, guppyfry_snake_entry_island, serial_bayou_shore_b,
          uniq_harold

Skill      XL: |  1  2  3  4  5  6  7  8  9 10 11 12 |
---------------+-------------------------------------+-----
Fighting       | 1 2 3 4 6 7 8 |  8.0
Armour         | 2 4 |  4.0
Staves         | 3 |  3.1
Polearms       | 1 2 3 4 6 8 10 11 | 11.8
Spellcasting   | 2 3 5 6 7 |  7.7
Dodging        | 1 2 |  2.0
Hexes          | 4 5 7 8 |  8.0
Stealth        | 1 |  1.0
Unarmed Combat | 2 6 |  6.2
Conjurations   | 2 |  2.0
Necromancy     | 2 |  2.0
Air Magic      | 2 |  2.0
Throwing       | 2 |  2.0
Fire Magic     | 2 |  2.0
Evocations     | 2 |  2.3

Action                   |  1- 3 |  4- 6 |  7- 9 | 10-12 || total
-------------------------+-------+-------+-------+-------++-------
Melee: Quarterstaff      |    94 |       |       |       ||    94
       Lance             |     6 |   152 |   363 |   569 ||  1090
       Touch             |       |    11 |    93 |    99 ||   203
       Kick              |       |       |   154 |   187 ||   341
       Punch             |       |       |     9 |    15 ||    24
       Headbutt          |       |       |       |    98 ||    98
 Cast: Slow              |       |       |     1 |     8 ||     9
       Dazzling Flash    |       |       |     3 |     7 ||    10
  Use: Scroll            |       |     5 |     8 |     6 ||    19
       Potion            |       |     3 |     4 |     2 ||     9
 Stab: Paralysed         |       |       |     8 |     6 ||    14
       Sleeping          |       |       |     4 |     2 ||     6
       Invisible         |       |       |     4 |     4 ||     8
Armor: Scale mail        |    58 |   106 |     4 |       ||   168
       Robe              |       |       |    76 |       ||    76
       Steam dragon scal |       |       |       |    71 ||    71
       Acid dragon scale |       |       |       |    95 ||    95
Dodge: Dodged            |    60 |    68 |    86 |   228 ||   442

Table legend: (Time is in decaauts)
 A = Elapsed time spent in this place.
 B = Non-inter-level travel time spent in this place.
 C = Inter-level travel time spent in this place.
 D = Time resting spent in this place.
 E = Time spent auto-exploring this place.
 F = Levels seen in this place.
 G = Mean time per level.
                   A        B        C        D        E       F      G
               +--------+--------+--------+--------+--------+-----+--------+
         Total |  14122 |  12136 |   1986 |   1657 |   7402 |  14 | 1008.7 |
       Dungeon |  12173 |  10329 |   1844 |   1237 |   6339 |  11 | 1106.6 |
        Temple |    292 |    263 |     29 |      0 |    245 |   1 |  292.0 |
          Lair |   1656 |   1543 |    113 |    420 |    818 |   2 |  828.0 |
               +--------+--------+--------+--------+--------+-----+--------+

Top non-repeatable levels by time:
     D:7: 1993 daAuts
     D:9: 1544 daAuts
  Lair:1: 1257 daAuts
     D:1: 1154 daAuts
     D:4: 1116 daAuts
     D:2: 1037 daAuts
     D:5: 983 daAuts
     D:8: 975 daAuts
     D:3: 921 daAuts
    D:10: 913 daAuts
    D:11: 777 daAuts
     D:6: 756 daAuts
  Lair:2: 398 daAuts
  Temple: 292 daAuts
